Map: Lockdown LE

Players

Lambo

  • Race: Zerg Zerg

A.I. 1 (Medium) - Winner!

  • Race: Protoss Protoss

VOD

Have the link to the VOD?

Description

Time

  • Played on: July 17, 2026, 2:23 p.m.
  • Length: 5:35
Show
View Real Time Build Order
Export as new Build Order

Lambo Zerg 

Build Orders: Hatch First 

Get SALT Encoding   

  8  0:00  Drone  
  9  0:10  Drone  
  10  0:16  Drone  
  11  0:21  Drone  
  12  0:32  Overlord  
  12  0:38  Extractor, Drone  
  13  0:50  Drone x2  
  15  1:00  Drone  
  16  1:13  Hatchery  
  16  1:18  Drone  
  16  1:21  Drone  
  17  1:29  Drone  
  18  1:34  Extractor  
  17  1:40  Spawning Pool  
  17  1:43  Drone  
  17  1:50  Drone  
  18  1:59  Drone  
  19  2:09  Overlord  
  19  2:20  Drone  
  20  2:26  Queen x2  
  20  2:29  Drone  
  25  2:30  Drone  
  25  2:36  Metabolic Boost  
  26  2:39  Zergling x2  
  26  2:42  Drone  
  28  2:46  Drone  
  28  2:49  Drone  
  30  2:55  Drone  
  31  3:00  Overlord  
  31  3:07  Drone  
  31  3:11  Hatchery  
  31  3:15  Drone  
  32  3:21  Drone  
  32  3:22  Overlord  
  32  3:26  Queen  
  35  3:28  Drone  
  35  3:31  Drone  
  37  3:36  Drone x2  
  37  3:37  Drone  
  40  3:43  Queen  
  40  3:46  Overlord  
  42  3:49  Drone  
  42  3:51  Drone  
  42  3:55  Drone  
  45  3:57  Drone  
  45  4:00  Spore Crawler  
  45  4:04  Drone  
  45  4:07  Drone x5  
  51  4:10  Overlord  
  51  4:15  Queen  
  53  4:18  Spore Crawler  
  53  4:21  Zergling x2  
  53  4:22  Zergling x2  
  54  4:27  Zergling x6  
  54  4:28  Zergling x2  
  58  4:36  Zergling x4  
  60  4:41  Overlord  
  60  4:44  Drone x6  
  66  4:50  Overlord  
  66  4:51  Drone  
  67  4:56  Overlord  
  67  4:58  Overlord  
  66  5:02  Roach Warren  
  66  5:05  Drone x2  
  67  5:08  Drone x2  
  67  5:09  Drone  
  70  5:17  Drone x6  
  70  5:19  Drone x2  
  78  5:22  Extractor  
  78  5:24  Extractor  
  78  5:33  Extractor  
Show
View Real Time Build Order
Export as new Build Order

A.I. 1 (Medium) Protoss - Winner!

Build Orders:  

Get SALT Encoding   

  8  0:00  Probe  
  9  0:13  Probe  
  10  0:25  Probe  
  11  0:37  Probe  
  12  0:48  Pylon  
  12  0:49  Probe  
  13  1:02  Probe  
  13  1:08  Gateway  
  13  1:10  Probe  
  15  1:18  Probe  
  16  1:29  Probe  
  17  1:41  Nexus  
  17  1:43  Probe  
  18  1:52  Zealot  
  18  1:58  Pylon  
  20  2:03  Assimilator  
  20  2:13  Cybernetics Core  
  20  2:14  Probe  
  21  2:27  Probe  
  22  2:37  Gateway  
  22  2:39  Probe  
  22  2:42  Pylon  
  22  2:43  Stalker  
  23  2:51  Probe  
  26  3:02  Assimilator  
  26  3:05  Probe  
  26  3:09  Stalker  
  26  3:12  Probe  
  30  3:16  Warp Gate  
  30  3:24  Assimilator  
  30  3:35  Stalker  
  30  3:36  Assimilator  
  32  3:47  Probe  
  33  3:51  Probe  
  33  3:53  Stalker  
  36  3:59  Probe  
  36  4:00  Probe  
  38  4:11  Probe, Sentry  
  41  4:20  Pylon  
  41  4:21  Probe  
  42  4:24  Probe  
  42  4:28  Adept  
  45  4:33  Probe  
  45  4:36  Probe  
  46  4:42  Zealot  
  46  4:46  Probe  
  46  4:48  Probe  
  50  4:53  Pylon  
  50  4:58  Probe  
  51  5:00  Probe  
  52  5:08  Zealot  
  52  5:10  Probe x2  
  56  5:22  Probe x2  
  56  5:25  Pylon  
  56  5:26  Stalker  
Tags
 
Add a new tag
Caveats
  • Supply blocks, unpowered buildings, or Contaminate may cause inaccurate times.
  • Supply counts are checked every 10 seconds.